[Event "Titled Tuesday Blitz August 23 Early 2022"]
[White "Szpar, Milosz"]
[Black "Sarana, Alexey"]
[WhiteFideId "1184989"]
[BlackFideId "24133795"]
[WhiteElo "2422"]
[BlackElo "2666"]
[Result "0-1"]
[Round "03"]
[TimeControl "180+1"]
[Date "2022.08.23"]
[WhiteClock "0:00:04"]
[BlackClock "0:00:57"]

1. Nf3 d5 2. e3 c5 3. Bb5+ Nc6 4. b3 f6 5. c4 d4 6. exd4 cxd4 7. O-O e5 8. d3 Bd6 9. Nbd2 Ne7 10. Ne4 Bc7 11. Ba3 O-O 12. h3 a6 13. Bxc6 bxc6 14. Re1 Rf7 15. Qe2 Ng6 16. Ng3 f5 17. Qd2 h6 18. Bc5 Kh7 19. b4 Qf6 20. Nh5 Qd8 21. Ng3 Bd7 22. a4 Rb8 23. Rab1 Qf6 24. Nh5 Qd8 25. Ng3 Rb7 26. Rb2 Qb8 27. Reb1 Nf4 28. Ne2 Ne6 29. Qc2 a5 30. Nd2 axb4 31. Bxb4 c5 32. Ba3 Rxb2 33. Bxb2 Qa8 34. Ra1 Bc6 35. f3 Rd7 36. a5 e4 37. dxe4 d3 38. Qb1 dxe2 39. exf5 Nf4 40. f6+ g6 41. Bc3 Nd3 42. Nb3 Bxf3 43. gxf3 Qxf3 44. Nxc5 Qf2+ 45. Kh1 Qh2# 0-1


[Site "https://www.chess.com"]

[Event "Titled Tuesday Blitz August 23 Early 2022"]
[White "Theodorou, Nikolas"]
[Black "Guz, Ari"]
[WhiteFideId "4262875"]
[BlackFideId "2825759"]
[WhiteElo "2484"]
[BlackElo "1913"]
[Result "1-0"]
[Round "03"]
[TimeControl "180+1"]
[Date "2022.08.23"]
[WhiteClock "0:02:32"]
[BlackClock "0:02:14"]

1. Nf3 d5 2. g3 Nc6 3. d4 g6 4. Bg2 Bg7 5. O-O e6 6. c3 Nge7 7. Bf4 O-O 8. Nbd2 a5 9. e4 dxe4 10. Nxe4 Nd5 11. Bg5 f6 12. Bd2 Nce7 13. Re1 a4 14. Nc5 Qd6 15. Nxa4 b6 16. c4 Bd7 17. cxd5 Bxa4 18. b3 Bd7 19. dxe6 Bxe6 20. Qe2 Kf7 21. Bb4 Qd7 22. Bxe7 Qxe7 23. d5 1-0


[Site "https://www.chess.com"]

[Event "Titled Tuesday Blitz August 23 Early 2022"]
[White "Timofeev, Artyom"]
[Black "Shuvalova, Polina"]
[WhiteFideId "4140419"]
[BlackFideId "24171760"]
[WhiteElo "2578"]
[BlackElo "2330"]
[Result "1-0"]
[Round "03"]
[TimeControl "180+1"]
[Date "2022.08.23"]
[WhiteClock "0:00:11"]
[BlackClock "0:00:07"]

1. e4 c6 2. Nf3 d5 3. d3 g6 4. c3 Bg7 5. Bf4 Nf6 6. Nbd2 O-O 7. h3 c5 8. Be2 Nc6 9. O-O Re8 10. e5 Nd7 11. d4 cxd4 12. cxd4 Nf8 13. Be3 Qb6 14. Nb3 Bf5 15. Qd2 a5 16. Nc5 Be4 17. Ng5 Bf5 18. g4 Bc8 19. f4 Qb4 20. Rfd1 Qxd2 21. Rxd2 h6 22. Nf3 Ne6 23. Nxe6 Bxe6 24. a3 Bd7 25. Kf2 a4 26. Rc2 Rec8 27. Rac1 e6 28. Ne1 Na5 29. Rxc8+ Rxc8 30. Rxc8+ Bxc8 31. Bb5 Nc4 32. Bc1 Nb6 33. Bd2 Bd7 34. Bd3 Nc4 35. Bc3 f6 36. Nc2 fxe5 37. fxe5 Kf7 38. h4 Bf8 39. Kf3 Be7 40. h5 gxh5 41. gxh5 Bg5 42. Bg6+ Ke7 43. Ne1 Bb5 44. Nd3 b6 45. Bb4+ Kd7 46. Bc3 Ke7 47. Nf4 Bd7 48. Bb4+ Kd8 49. Bf7 Bxf4 50. Kxf4 Nxb2 51. Bf8 Nc4 52. Bxh6 Be8 53. Bxe6 Bxh5 54. Bf8 Ke8 55. Bb4 Bf7 56. Bg4 Nb2 57. Kg5 Nd3 58. Bd6 Nf2 59. e6 Bg8 60. Bh5+ Kd8 61. e7+ Kd7 62. e8=Q+ Kxd6 63. Qxg8 Ne4+ 64. Kf4 Nf6 65. Qd8+ Nd7 66. Bg4 Kc6 67. Qxd7# 1-0


[Site "https://www.chess.com"]

[Event "Titled Tuesday Blitz August 23 Early 2022"]
[White "Tristan, Leonardo"]
[Black "Machidon, Cristi"]
[WhiteFideId "113816"]
[BlackFideId "13904590"]
[WhiteElo "2404"]
[BlackElo "2312"]
[Result "1-0"]
[Round "03"]
[TimeControl "180+1"]
[Date "2022.08.23"]
[WhiteClock "0:02:44"]
[BlackClock "0:01:52"]

1. d4 d5 2. Nf3 c6 3. Bf4 Nf6 4. e3 Bf5 5. c4 e6 6. Nc3 Qb6 7. Qb3 Nbd7 8. c5 Qxb3 9. axb3 a6 10. h3 Be7 11. b4 Rc8 12. Nd2 Bd8 13. Nb3 Bc7 14. Bxc7 Rxc7 15. b5 cxb5 16. Nxb5 Rc6 17. Na5 axb5 18. Nxc6 1-0


[Site "https://www.chess.com"]

[Event "Titled Tuesday Blitz August 23 Early 2022"]
[White "Vachylia, Andrii"]
[Black "Janik, Igor"]
[WhiteFideId "14137224"]
[BlackFideId "1159259"]
[WhiteElo "2318"]
[BlackElo "2456"]
[Result "0-1"]
[Round "03"]
[TimeControl "180+1"]
[Date "2022.08.23"]
[WhiteClock "0:00:30"]
[BlackClock "0:00:24"]

1. e4 c6 2. d4 d5 3. Nc3 a6 4. Nf3 Bg4 5. Be3 e6 6. h3 Bh5 7. Bd3 Nf6 8. e5 Nfd7 9. O-O c5 10. g4 Bg6 11. Bxg6 hxg6 12. dxc5 Nc6 13. Kg2 Bxc5 14. Bxc5 Nxc5 15. Qe2 Qb6 16. Rab1 Nd7 17. Rfe1 Qb4 18. a3 Qf4 19. Rbd1 O-O-O 20. Qe3 Qxe3 21. Rxe3 Nb6 22. Re2 Nc4 23. Rb1 b5 24. a4 b4 25. Nd1 Kb7 26. b3 Nb6 27. Nb2 a5 28. Nd3 Rc8 29. Rd1 Rc7 30. Nde1 Nd7 31. Kg3 Nc5 32. Ng5 Nb8 33. Nef3 Nc6 34. h4 Re8 35. Nd4 Nxd4 36. Rxd4 f6 37. Nf3 Ne4+ 38. Kg2 f5 39. gxf5 gxf5 40. Ne1 Rh8 41. f3 Nc3 42. Rf2 Kb6 43. Nd3 Nd1 44. Re2 Rxc2 45. Nf4 Rxe2+ 46. Nxe2 Nc3 47. Nf4 Rh6 48. h5 Kc5 49. Rd3 d4 50. Kg3 Nd5 51. Ne2 Rxh5 52. f4 g5 53. fxg5 Rxg5+ 54. Kf3 Rg4 55. Rd1 Re4 0-1


[Site "https://www.chess.com"]

[Event "Titled Tuesday Blitz August 23 Early 2022"]
[White "Vlassov, Nikolai"]
[Black "Xu, Yi"]
[WhiteFideId "4103360"]
[BlackFideId "8605564"]
[WhiteElo "2324"]
[BlackElo "2471"]
[Result "1-0"]
[Round "03"]
[TimeControl "180+1"]
[Date "2022.08.23"]
[WhiteClock "0:00:09"]
[BlackClock "0:00:03"]

1. e4 c5 2. c3 Nf6 3. e5 Nd5 4. d4 cxd4 5. cxd4 d6 6. Bc4 Nb6 7. Bb3 dxe5 8. Qh5 e6 9. dxe5 Nc6 10. Nc3 g6 11. Qg5 Bg7 12. Qxd8+ Kxd8 13. Bg5+ Ke8 14. Nb5 Bxe5 15. Nf3 a6 16. Nxe5 axb5 17. Bf6 Rf8 18. O-O-O Nd7 19. Nxd7 Bxd7 20. Rd6 Rc8 21. Rhd1 Rc7 22. Kb1 Rg8 23. f4 h6 24. h4 Na5 25. Be5 Nc6 26. Bf6 Na5 27. g4 Nc4 28. Bxc4 bxc4 29. Be5 f6 30. Bxf6 Ba4 31. Rxe6+ Kf7 32. Rde1 Bd7 33. Rd6 Bxg4 34. Bc3 Bf5+ 35. Kc1 Rc6 36. Rxc6 bxc6 37. Re5 Ra8 38. Rc5 Rxa2 39. Rxc6 Bd3 40. h5 gxh5 41. Rxh6 Bg6 42. f5 Ra1+ 43. Kd2 Bxf5 44. Rf6+ Ke7 45. Rxf5 h4 46. Rf4 h3 47. Rh4 Rh1 48. Rxc4 Ke6 49. Rh4 Kf5 50. Rh8 h2 51. Kc2 Kf4 52. Kb3 Kf3 53. Be5 Re1 54. Bxh2 Rh1 55. Be5 Re1 56. Bc3 Re7 57. Kc4 Ke4 58. Rh1 Rb7 59. Re1+ Kf5 60. Kd5 Rd7+ 61. Kc6 Rd8 62. Be5 Re8 63. b4 Re6+ 64. Kc7 Re7+ 65. Kc6 Re6+ 66. Kc5 Re8 67. b5 Rc8+ 68. Kb6 Ke6 69. Bc7+ Kd7 70. Rd1+ Ke6 71. Rd8 Rxc7 72. Kxc7 1-0


[Site "https://www.chess.com"]

[Event "Titled Tuesday Blitz August 23 Early 2022"]
[White "Weetik, Vjacheslav"]
[Black "Jakubowska, Anna"]
[WhiteFideId "4153472"]
[BlackFideId "1121952"]
[WhiteElo "2469"]
[BlackElo "1839"]
[Result "1-0"]
[Round "03"]
[TimeControl "180+1"]
[Date "2022.08.23"]
[WhiteClock "0:02:29"]
[BlackClock "0:01:49"]

1. d4 d5 2. Bf4 Nf6 3. e3 c5 4. c3 Nc6 5. Nd2 e6 6. Bd3 Bd6 7. Bxd6 Qxd6 8. f4 c4 9. Bc2 b5 10. a3 O-O 11. Ngf3 a5 12. O-O Ra7 13. Ne5 Bb7 14. Rf3 Rfa8 15. Rh3 b4 16. Bxh7+ Nxh7 17. Qh5 bxc3 18. Qxf7+ Kh8 19. Ng6# 1-0


[Site "https://www.chess.com"]

[Event "Titled Tuesday Blitz August 23 Early 2022"]
[White "Yaniuk, Volodymyr"]
[Black "Hambleton, Aman"]
[WhiteFideId "14133083"]
[BlackFideId "2606577"]
[WhiteElo "2141"]
[BlackElo "2538"]
[Result "0-1"]
[Round "03"]
[TimeControl "180+1"]
[Date "2022.08.23"]
[WhiteClock "0:00:06"]
[BlackClock "0:00:10"]

1. d4 Nf6 2. c4 e6 3. g3 c5 4. d5 exd5 5. cxd5 d6 6. Nc3 g6 7. Bg2 Bg7 8. Nf3 O-O 9. O-O Nbd7 10. Bf4 Qe7 11. h3 a6 12. a4 Nh5 13. Bg5 f6 14. Bc1 f5 15. Qb3 Ne5 16. Bf4 Nxf3+ 17. Bxf3 Nxf4 18. gxf4 Qh4 19. e3 g5 20. Qb6 gxf4 21. Qxd6 Rf6 22. Qd8+ Bf8 23. Bg2 f3 24. Kh2 fxg2 25. Rg1 f4 26. Rxg2+ Kh8 27. Kg1 Bxh3 28. Qxa8 Bxg2 29. Kxg2 f3+ 30. Kg1 Rg6+ 31. Kf1 Qh1# 0-1


[Site "https://www.chess.com"]

[Event "Titled Tuesday Blitz August 23 Early 2022"]
[White "Zhigalko, Sergei"]
[Black "Tica, Sven"]
[WhiteFideId "13502956"]
[BlackFideId "14526948"]
[WhiteElo "2662"]
[BlackElo "2350"]
[Result "1/2-1/2"]
[Round "03"]
[TimeControl "180+1"]
[Date "2022.08.23"]
[WhiteClock "0:00:06"]
[BlackClock "0:00:06"]

1. e4 Nf6 2. e5 Nd5 3. Nf3 d6 4. d4 g6 5. Bc4 Nb6 6. Bb3 Bg7 7. Qe2 O-O 8. h3 Nc6 9. O-O Na5 10. Nc3 Nxb3 11. axb3 a6 12. Re1 h6 13. Bf4 Be6 14. Rad1 c6 15. Ne4 Nd5 16. Bg3 f5 17. exf6 Nxf6 18. Nxd6 Bxh3 19. Nxb7 Qc8 20. Qxe7 Nd5 21. Qh4 Bg4 22. Nd6 Qd7 23. Ne5 Bxe5 24. Bxe5 Bxd1 25. Qxh6 Qh7 26. Qxh7+ Kxh7 27. Rxd1 Rad8 28. Ra1 Ra8 29. Ne4 Kg8 30. c3 Kf7 31. g3 a5 32. Kg2 Ke6 33. Nc5+ Kf7 34. Rh1 Ke7 35. Ne4 Rf7 36. Ng5 Raf8 37. Nxf7 Rxf7 38. Rh8 Ke6 39. Re8+ Kf5 40. Rc8 Rb7 41. Rxc6 Rxb3 42. Rc5 Ke4 43. Rxa5 Rxb2 44. Ra3 Ne3+ 45. Kh3 Rxf2 46. Ra1 g5 47. g4 Kf3 48. Rb1 Ng2 49. Rg1 Nf4+ 50. Bxf4 Kxf4 51. d5 Rf3+ 52. Kg2 Rd3 53. c4 Kxg4 54. Rc1 Kf4 55. Kf2 g4 56. Ke2 Rd4 57. Rf1+ Ke4 58. Rc1 g3 59. Rc3 Kf4 60. Rc1 Kg4 61. Ke3 Rf4 62. d6 g2 63. Rg1 Rxc4 64. Rxg2+ Kf5 65. Rd2 Rc8 66. Rd5+ Ke6 67. d7 Rd8 68. Ke4 Rxd7 69. Re5+ Kf7 70. Ra5 Re7+ 71. Kf5 Rd7 72. Re5 Re7 73. Rxe7+ Kxe7 1/2-1/2


[Site "https://www.chess.com"]

[Event "Titled Tuesday Blitz August 23 Early 2022"]
[White "Abdrlauf, Elham"]
[Black "Seemann, Jakub"]
[WhiteFideId "1533533"]
[BlackFideId "21874697"]
[WhiteElo "2430"]
[BlackElo "2064"]
[Result "0-1"]
[Round "04"]
[TimeControl "180+1"]
[Date "2022.08.23"]
[WhiteClock "0:00:02"]
[BlackClock "0:00:02"]

1. e4 e6 2. d4 d5 3. e5 c5 4. c3 Bd7 5. Nf3 Qb6 6. Be2 cxd4 7. cxd4 Bb5 8. O-O Bxe2 9. Qxe2 Nc6 10. Be3 Nge7 11. Nc3 Nf5 12. g4 Nxe3 13. fxe3 Be7 14. Kh1 O-O-O 15. Rab1 Kb8 16. b4 Rc8 17. Na4 Qc7 18. Nc5 Bxc5 19. bxc5 f6 20. exf6 gxf6 21. g5 Rcf8 22. gxf6 Rxf6 23. Ng5 Rg6 24. Rf7 Qc8 25. Rfxb7+ Qxb7 26. Rxb7+ Kxb7 27. Nf7 Rhg8 28. h4 Rg4 29. Qf2 Ne7 30. Ne5 Rg3 31. Kh2 Nf5 32. Nf7 Nxe3 33. Qf4 R3g4 34. Qxe3 Rxh4+ 35. Qh3 Rxh3+ 36. Kxh3 Kc7 37. Kh4 Rb8 38. Ng5 Kd7 39. Kg4 Rb4 40. Nf3 Ra4 41. Kg5 Rxa2 42. Ne5+ Ke7 43. Nc6+ Kf7 44. Ne5+ Kg7 45. Nd3 Rc2 46. Kf4 Kf6 47. Ne5 a5 48. Nd7+ Ke7 49. Nb6 h5 50. Kg5 h4 51. Kxh4 Rd2 52. Kg5 Rxd4 53. c6 Rc4 54. c7 Rxc7 55. Kf4 Rc4+ 56. Ke5 Re4# 0-1


[Site "https://www.chess.com"]

[Event "Titled Tuesday Blitz August 23 Early 2022"]
[White "Acor, Corey"]
[Black "Mitrabha, Guha"]
[WhiteFideId "2024861"]
[BlackFideId "5057000"]
[WhiteElo "2340"]
[BlackElo "2499"]
[Result "0-1"]
[Round "04"]
[TimeControl "180+1"]
[Date "2022.08.23"]
[WhiteClock "0:00:04"]
[BlackClock "0:00:58"]

1. e4 c6 2. d3 d5 3. Nd2 e5 4. Ngf3 Bd6 5. g3 Nf6 6. Bg2 O-O 7. O-O Bg4 8. h3 Bh5 9. g4 Bg6 10. Qe2 Nbd7 11. Re1 Re8 12. b3 a5 13. a4 dxe4 14. dxe4 Nc5 15. Nh4 Ne6 16. Nxg6 hxg6 17. Nc4 Bb4 18. Rd1 Qc7 19. Bb2 Nf4 20. Qe3 g5 21. Qf3 Bc5 22. Ne3 Nh7 23. Bf1 Nf8 24. Rd2 Bb4 25. c3 Bc5 26. Rad1 Rad8 27. Bc4 g6 28. Ng2 Rxd2 29. Rxd2 Kg7 30. Nxf4 gxf4 31. Bf1 g5 32. Qd3 Re7 33. Qd8 Qxd8 34. Rxd8 Ne6 35. Rd1 Kf6 36. Bc4 Nf8 37. Kf1 Ng6 38. Ke2 Nf8 39. Rb1 Re8 40. Bc1 Ng6 41. b4 axb4 42. cxb4 Bd4 43. a5 Rh8 44. Rb3 Nh4 45. b5 cxb5 46. Rxb5 Rc8 47. Kd3 Ng2 48. Bd2 Rc7 49. Bd5 Bxf2 50. Rxb7 Rxb7 51. Bxb7 f3 52. Kc2 Ba7 53. Ba6 Ke7 54. Bf1 Nf4 55. Bxf4 exf4 56. Bc4 f6 57. Kd3 Kd6 58. a6 Kc5 59. Bd5 Kb4 60. Kd2 Bb6 61. e5 f2 62. Bf3 f1=Q 0-1


[Site "https://www.chess.com"]

[Event "Titled Tuesday Blitz August 23 Early 2022"]
[White "Adla, Diego"]
[Black "Theodorou, Nikolas"]
[WhiteFideId "100072"]
[BlackFideId "4262875"]
[WhiteElo "2377"]
[BlackElo "2484"]
[Result "0-1"]
[Round "04"]
[TimeControl "180+1"]
[Date "2022.08.23"]
[WhiteClock "0:00:06"]
[BlackClock "0:00:21"]

1. Nf3 Nf6 2. g3 g6 3. b3 Bg7 4. Bb2 O-O 5. Bg2 d5 6. c4 c6 7. O-O a5 8. d3 a4 9. Qc2 Na6 10. Nbd2 Nb4 11. Qc1 a3 12. Bc3 c5 13. cxd5 Nbxd5 14. Be5 b6 15. Nc4 Bb7 16. Nxa3 Nb4 17. Qb2 Ra6 18. Nc2 Nc6 19. Bc3 Qa8 20. a4 Rd8 21. Rfd1 Bh6 22. h4 Nd5 23. Rac1 Bxc1 24. Rxc1 Nxc3 25. Qxc3 Qb8 26. Ne3 Nd4 27. Kf1 Nxf3 28. exf3 Ra7 29. Ng4 f6 30. h5 Ba6 31. Rd1 Rad7 32. Kg1 Rxd3 33. Rxd3 Rxd3 34. Qc2 Qd6 35. hxg6 Rd1+ 36. Kh2 Qd5 37. gxh7+ Kg7 38. h8=Q+ Kxh8 39. Qg6 Qg8 40. Qh5+ Qh7 41. Nh6 Kg7 42. Nf5+ Kg8 43. Nh6+ Kf8 44. f4 Rd6 45. Qh3 f5 46. Nxf5 Qxh3+ 47. Kxh3 Bc8 48. Be4 Rd4 49. f3 Rb4 50. Kh4 Bxf5 51. Bxf5 Rxb3 52. Kg4 c4 53. Be4 c3 0-1


[Site "https://www.chess.com"]

[Event "Titled Tuesday Blitz August 23 Early 2022"]
[White "Aldokhin, Ivan"]
[Black "Shirov, Alexei"]
[WhiteFideId "24115720"]
[BlackFideId "2209390"]
[WhiteElo "2246"]
[BlackElo "2678"]
[Result "0-1"]
[Round "04"]
[TimeControl "180+1"]
[Date "2022.08.23"]
[WhiteClock "0:00:02"]
[BlackClock "0:01:06"]

1. e4 e5 2. Nf3 Nc6 3. Bb5 a6 4. Ba4 Nf6 5. O-O b5 6. Bb3 Bc5 7. Nxe5 Nxe5 8. d4 Bxd4 9. Qxd4 d6 10. f4 Nc6 11. Qc3 Ne7 12. e5 Ne4 13. Qe1 Nc5 14. f5 Nxb3 15. axb3 Nxf5 16. exd6+ Kf8 17. dxc7 Qxc7 18. Nc3 Qc5+ 19. Kh1 Bb7 20. Qf2 Qxf2 21. Rxf2 g6 22. Bg5 Kg7 23. Kg1 h6 24. Bf4 Rhe8 25. Rd1 Rad8 26. Rxd8 Rxd8 27. Rd2 Rxd2 28. Bxd2 Nd4 29. Na2 Nxc2 30. Nb4 Na1 31. Bc3+ f6 32. Nd3 Nxb3 33. Nf4 Kf7 34. h4 a5 35. h5 g5 36. Nd3 b4 37. Nxb4 axb4 38. Bxb4 Bc8 39. Bc3 Bg4 40. Kf2 Bxh5 41. Ke3 Bg6 42. g3 Ke6 43. Kf3 h5 44. Ke3 f5 45. Kf3 Kd5 46. Bf6 g4+ 47. Kf4 Nc5 48. Kg5 Ne4+ 0-1


[Site "https://www.chess.com"]

[Event "Titled Tuesday Blitz August 23 Early 2022"]
[White "Bachmann, Axel"]
[Black "Zhigalko, Sergei"]
[WhiteFideId "3700488"]
[BlackFideId "13502956"]
[WhiteElo "2595"]
[BlackElo "2662"]
[Result "0-1"]
[Round "04"]
[TimeControl "180+1"]
[Date "2022.08.23"]
[WhiteClock "0:00:04"]
[BlackClock "0:00:03"]

1. Nf3 d5 2. e3 Nf6 3. c4 e6 4. b3 b6 5. Bb2 Bb7 6. cxd5 exd5 7. Nc3 Bd6 8. Rc1 a6 9. Ne2 O-O 10. Ned4 Re8 11. Qc2 c5 12. Nf5 Bf8 13. Be2 d4 14. Ng3 Nc6 15. a3 Qd7 16. O-O Rad8 17. Bd3 g6 18. Rcd1 b5 19. Ne4 Nxe4 20. Bxe4 d3 21. Qc3 Nd4 22. exd4 b4 23. axb4 cxb4 24. Qxd3 Bxe4 25. Qe3 Bd5 26. Ne5 Qe6 27. Qf4 Bg7 28. Rde1 Qf6 29. Qg3 Qf5 30. h3 Qc2 31. Ba1 a5 32. Re3 Qxd2 33. Rfe1 Qc2 34. Nc4 Rxe3 35. Nxe3 Qxb3 36. Qh4 Rf8 37. Qg5 Be4 38. Qxa5 Bd3 39. Qb6 h6 40. d5 Bc3 41. Bxc3 Qxc3 42. d6 Qxe1+ 43. Kh2 Qxf2 0-1


[Site "https://www.chess.com"]

[Event "Titled Tuesday Blitz August 23 Early 2022"]
[White "Belov, Vladimir"]
[Black "Aggelis, Nikolaos"]
[WhiteFideId "4132394"]
[BlackFideId "4213220"]
[WhiteElo "2501"]
[BlackElo "2154"]
[Result "1-0"]
[Round "04"]
[TimeControl "180+1"]
[Date "2022.08.23"]
[WhiteClock "0:02:42"]
[BlackClock "0:02:40"]

1. e4 e5 2. Nf3 Nc6 3. Bb5 a6 4. Ba4 Nf6 5. O-O Be7 6. Re1 b5 7. Bb3 d6 8. c3 Bg4 9. h3 Bxf3 10. Qxf3 O-O 11. d3 Re8 12. Nd2 Bf8 13. Nf1 g6 14. Bg5 Bg7 15. Bd5 1-0


[Site "https://www.chess.com"]

[Event "Titled Tuesday Blitz August 23 Early 2022"]
[White "Buscar, Michael"]
[Black "Livaic, Leon"]
[WhiteFideId "2603616"]
[BlackFideId "14531534"]
[WhiteElo "2010"]
[BlackElo "2540"]
[Result "0-1"]
[Round "04"]
[TimeControl "180+1"]
[Date "2022.08.23"]
[WhiteClock "0:00:03"]
[BlackClock "0:01:10"]

1. Nf3 Nf6 2. g3 b6 3. d3 Bb7 4. e4 e6 5. Bg2 d6 6. Nc3 g6 7. h4 h6 8. Bf4 Bg7 9. Qd2 Nbd7 10. a4 a6 11. O-O Qe7 12. Ne2 e5 13. Be3 Ng4 14. a5 b5 15. Nh2 Nxe3 16. Qxe3 h5 17. c3 Bh6 18. Qf3 f5 19. Rfe1 O-O 20. Bh3 fxe4 21. Qg2 e3 22. f3 Nc5 23. Rad1 Kh7 24. d4 Na4 25. dxe5 Qxe5 26. Nd4 Rae8 27. Qc2 Qxg3+ 28. Bg2 Bf4 29. Nf1 Qxh4 30. Re2 Re5 31. Rde1 Nc5 32. Rxe3 Bxe3+ 33. Rxe3 Rxe3 34. Nxe3 Qe1+ 35. Nf1 Ne6 36. Nxe6 Qxe6 37. Qd2 Bxf3 38. Bxf3 Rxf3 39. Qg2 Qg4 40. Qxg4 hxg4 41. Kg2 Rxf1 42. Kxf1 Kh6 0-1


[Site "https://www.chess.com"]

[Event "Titled Tuesday Blitz August 23 Early 2022"]
[White "Bykhovsky, Anatoly"]
[Black "Moroni, Luca Jr"]
[WhiteFideId "2806991"]
[BlackFideId "865834"]
[WhiteElo "2540"]
[BlackElo "2573"]
[Result "1/2-1/2"]
[Round "04"]
[TimeControl "180+1"]
[Date "2022.08.23"]
[WhiteClock "0:00:14"]
[BlackClock "0:00:08"]

1. d4 g6 2. e4 Bg7 3. Nc3 d6 4. f4 Nf6 5. Nf3 O-O 6. Bd3 Nc6 7. O-O e5 8. dxe5 dxe5 9. f5 Qe7 10. Bg5 Nb4 11. Kh1 Nxd3 12. Qxd3 c6 13. Rad1 h6 14. Bh4 gxf5 15. exf5 e4 16. Bxf6 Qxf6 17. Nxe4 Qxf5 18. Nd4 Qg6 19. Ng3 Qxd3 20. Rxd3 Kh7 21. c3 c5 22. Ndf5 Be6 23. Nxg7 Kxg7 24. Nf5+ Kh7 25. Rh3 Bxf5 26. Rxf5 Rad8 27. Rhf3 Rd1+ 28. Rf1 Rxf1+ 29. Rxf1 Kg6 30. g3 Rd8 31. Rf2 f5 32. Kg2 h5 33. Kf3 Kg5 34. h4+ Kf6 35. Kf4 Rd1 36. Re2 Rf1+ 37. Ke3 Ke5 38. Kd3+ Kd5 39. c4+ Kd6 40. Ke3 Ke5 41. Kd3+ Kf6 42. Ke3 b6 43. b3 Rg1 44. Kf4 Rf1+ 45. Ke3 f4+ 46. gxf4 Kf5 47. Rg2 Re1+ 48. Kd2 Ra1 49. Kc3 Kxf4 50. Rg5 Rxa2 51. Rxh5 Kg4 52. Rh7 Ra1 53. h5 Kf5 54. Rg7 Rh1 55. Rf7+ Ke5 56. Rd7 Ke6 57. Rxa7 Kd6 58. Rh7 Rh3+ 59. Kb2 Kc6 60. Rh6+ Kb7 61. Ka3 Ka6 62. Rh8 b5 63. cxb5+ Kxb5 64. h6 Kc6 65. h7 Kb7 66. Ka4 Rh5 67. Kb5 Rh3 68. Kxc5 Rh5+ 69. Kb4 Rh1 70. Kc4 Rh2 71. b4 Rh1 72. Kd5 Rh2 73. Ke6 Rh1 74. Kf6 Rh2 75. Kg6 Rg2+ 76. Kf7 Rh2 77. Ke6 Rh1 78. Kd5 Rh2 79. Kc5 Rh1 80. Kb5 Rh5+ 81. Ka4 Rh1 82. Kb5 Rh5+ 83. Ka4 Rh4 84. Ka5 Rh5+ 85. Ka4 1/2-1/2


[Site "https://www.chess.com"]

[Event "Titled Tuesday Blitz August 23 Early 2022"]
[White "Chigaev, Maksim"]
[Black "Goryachkina, Aleksandra"]
[WhiteFideId "4108116"]
[BlackFideId "4147103"]
[WhiteElo "2487"]
[BlackElo "2426"]
[Result "1-0"]
[Round "04"]
[TimeControl "180+1"]
[Date "2022.08.23"]
[WhiteClock "0:00:14"]
[BlackClock "0:00:01"]

1. c4 e6 2. g3 d5 3. Bg2 Nf6 4. Nf3 Be7 5. O-O O-O 6. b3 c5 7. cxd5 exd5 8. d4 Nc6 9. Bb2 Bg4 10. dxc5 Bxc5 11. Nc3 Re8 12. Rc1 Bf8 13. Nb5 a6 14. Bxf6 gxf6 15. Nbd4 Rc8 16. Qd2 Bg7 17. e3 Qd7 18. Nxc6 bxc6 19. Rc5 Bxf3 20. Bxf3 f5 21. Rfc1 Re6 22. Qd3 Rd6 23. Kg2 Rh6 24. h4 Rd6 25. Qxa6 Bf6 26. b4 f4 27. exf4 Bxh4 28. b5 Bxg3 29. fxg3 Rh6 30. g4 Qe7 31. Qxc8+ 1-0


[Site "https://www.chess.com"]

[Event "Titled Tuesday Blitz August 23 Early 2022"]
[White "Ekdyshman, Mikhail"]
[Black "Kadric, Denis"]
[WhiteFideId "4149416"]
[BlackFideId "14403803"]
[WhiteElo "2146"]
[BlackElo "2657"]
[Result "0-1"]
[Round "04"]
[TimeControl "180+1"]
[Date "2022.08.23"]
[WhiteClock "0:00:04"]
[BlackClock "0:00:26"]

1. d4 d6 2. Nc3 Nf6 3. Bg5 Nbd7 4. Qd3 e5 5. O-O-O c6 6. Nf3 Qa5 7. dxe5 dxe5 8. Bxf6 gxf6 9. e4 Nc5 10. Qd2 Be6 11. a3 Be7 12. Qh6 b5 13. Qg7 Rf8 14. Nd2 b4 15. axb4 Qxb4 16. Ndb1 Rb8 17. b3 a5 18. h4 a4 19. bxa4 Nxa4 20. Rd3 Nc5 21. Rg3 Qb2+ 22. Kd2 Rd8+ 23. Bd3 Nb3+ 24. Ke2 Nd4+ 25. Kd1 Nxc2 26. Qh6 Nb4 27. Qd2 Qxd2+ 28. Kxd2 Bc4 29. Rhh3 Bc5 30. Ke2 Nxd3 31. Rxd3 Rxd3 32. Rxd3 Bxf2 33. h5 Rg8 34. Kxf2 Bxd3 35. Nd2 Ke7 36. Nf3 Ke6 37. Nh4 Rg5 38. Nf5 Bxe4 39. g4 Bxf5 40. gxf5+ Rxf5+ 41. Ke3 Rxh5 42. Ne4 Rh3+ 0-1


[Site "https://www.chess.com"]

[Event "Titled Tuesday Blitz August 23 Early 2022"]
[White "Fier, Alexandr"]
[Black "Paravyan, David"]
[WhiteFideId "2107139"]
[BlackFideId "4194985"]
[WhiteElo "2598"]
[BlackElo "2569"]
[Result "1/2-1/2"]
[Round "04"]
[TimeControl "180+1"]
[Date "2022.08.23"]
[WhiteClock "0:00:44"]
[BlackClock "0:00:09"]

1. d4 Nf6 2. c4 g6 3. Nc3 d5 4. cxd5 Nxd5 5. e4 Nxc3 6. bxc3 Bg7 7. Nf3 c5 8. Be3 Bg4 9. Be2 Nc6 10. d5 Bxf3 11. gxf3 Bxc3+ 12. Kf1 Bxa1 13. Qxa1 Nd4 14. Bxd4 cxd4 15. Qxd4 O-O 16. h4 Qb6 17. Qd2 h5 18. Bc4 Rac8 19. Bb3 Qf6 20. f4 Qc3 21. Qe2 Qc1+ 22. Kg2 Qxf4 23. Rh3 Qg4+ 24. Qxg4 hxg4 25. Rg3 Kg7 26. Rxg4 Rh8 27. e5 Rh5 28. Re4 g5 29. hxg5 Rxg5+ 30. Kf3 Rc3+ 31. Ke2 b5 32. Kd2 Rc5 33. f4 Rg3 34. d6 exd6 35. exd6 Rxb3 36. axb3 Rd5+ 37. Kc3 Rxd6 38. Re7 a6 39. Ra7 Rf6 40. Kd3 Kg6 41. Ke4 Re6+ 42. Kf3 Rc6 43. b4 Rc3+ 44. Kg4 Rc6 45. Kf3 f6 46. Kg4 Rd6 47. Ra8 Rc6 48. Ra7 Rd6 49. Ra8 f5+ 50. Kh4 Rd4 51. Rxa6+ Kf7 52. Kg5 Rxb4 53. Kxf5 Rc4 54. Rb6 Rc5+ 55. Kg4 Kg7 56. f5 Rd5 57. Kg5 Rd7 58. Rxb5 Kf7 59. Rb6 Ra7 60. Rh6 Kg7 61. f6+ Kg8 62. Kg6 Rg7+ 63. Kf5 Ra7 64. Kg6 Rg7+ 65. Kh5 Ra7 66. Kg5 Ra1 67. Rh5 Rg1+ 68. Kf5 Rf1+ 69. Kg6 Rg1+ 70. Rg5 Rxg5+ 71. Kxg5 Kf7 72. Kf5 Kf8 73. Kg6 Kg8 74. Kg5 Kf7 75. Kf5 Kf8 76. Ke6 Ke8 77. f7+ Kf8 78. Kf6 1/2-1/2


[Site "https://www.chess.com"]

[Event "Titled Tuesday Blitz August 23 Early 2022"]
[White "Grandelius, Nils"]
[Black "Machidon, Cristi"]
[WhiteFideId "1710400"]
[BlackFideId "13904590"]
[WhiteElo "2617"]
[BlackElo "2312"]
[Result "1-0"]
[Round "04"]
[TimeControl "180+1"]
[Date "2022.08.23"]
[WhiteClock "0:00:05"]
[BlackClock "0:00:00"]

1. Nf3 d5 2. e3 c6 3. c4 Nf6 4. Qc2 g6 5. b3 Bg7 6. Bb2 O-O 7. Be2 a5 8. Nc3 Bf5 9. d3 Na6 10. Nd4 Bd7 11. O-O e5 12. Nf3 Re8 13. cxd5 cxd5 14. Rac1 Rc8 15. Qb1 Bf5 16. Nb5 Qb6 17. a4 e4 18. Rxc8 Rxc8 19. Nfd4 Bd7 20. dxe4 Nxe4 21. Rd1 Nb4 22. Bf3 Ng5 23. Rc1 Nxf3+ 24. Nxf3 Rxc1+ 25. Bxc1 Bxb5 26. axb5 Qxb5 27. Bd2 Nc6 28. Qc2 h5 29. h3 d4 30. exd4 Qd5 31. Qc5 Qe4 32. d5 Nd4 33. Qc8+ Bf8 34. Bh6 Nxf3+ 35. gxf3 Qb4 36. Bxf8 Qxf8 37. Qxb7 Qd6 38. Qa8+ Kg7 39. Qxa5 Qf4 40. Qc3+ Kh7 41. b4 Qg5+ 42. Kf1 Qxd5 43. h4 Qf5 44. Qb3 Qh3+ 45. Ke2 Qd7 46. b5 Qe7+ 47. Kf1 Qxh4 48. Qxf7+ Kh6 49. Qf8+ 1-0


[Site "https://www.chess.com"]